General information
- name: BNet
- type: Ladder team game (AT/RT)
- host: Battle.net
- saver: SevenEightNine
map: Cherryville
- players: 8
- length: 67:37
- speed: Fast
- version: 1.26 W3XP
- replay type: Public
» download(429 KB)
Players
team 1 (winner)

»
u-rage-i-laugh (
green | 76 APM | 5154 actions | 67:37)
10 Far Seer
3 Feral Spirit
3 Chain Lighting
1 Earth Quake
3 Far Sight
1 Keeper of the Grove
1 Thorns Aura
» actions
| Assign group hotkey | 31 | |
| Basic commands | 22 | |
| Build / train | 84 | |
| ESC pressed | 3 | |
| Enter build submenu | 26 | |
| Enter hero's abilities submenu | 13 | |
| Give item / drop item | 3 | |
| Remove unit from queue | 1 | |
| Right click | 3068 | |
| Select / deselect | 978 | |
| Select group hotkey | 573 | |
| Use ability | 352 | |
5154 total
» units
| Peon | 15 | |
| Grunt | 7 | |
| Tauren | 4 | |
| Spirit Walker | 2 | |
| Shaman | 4 | |
| Troll Witch Doctor | 3 | |
| Druid of the Claw | 9 | |
44 total
» upgrades
| Pillage | 1 | |
| Melee Weapons | 2 | |
| Armor | 1 | |
| Shaman Training | 2 | |
| Witch Doctor Training | 2 | |
| Spirit Walker Training | 2 | |
| Pulverize | 1 | |
| Druid of the Claw Training | 2 | |
| Mark of the Claw | 1 | |
14 total
» buildings
| Altar of Storms | 1 | |
| Orc Burrow | 8 | |
| Barracks | 1 | |
| Stronghold | 1 | |
| Fortress | 2 | |
| War Mill | 1 | |
| Voodoo Lounge | 1 | |
| Tauren Totem | 2 | |
| Spirit Lodge | 2 | |
| Watch Tower | 2 | |
| Tree of Ages | 1 | |
| Ancient of Lore | 6 | |
| Moon Well | 1 | |
29 total
» build order
00:03 Altar of Storms
00:04 Orc Burrow
01:24 Barracks
01:30 Orc Burrow
01:51 Orc Burrow
03:41 Stronghold
07:40 Fortress
07:43 Orc Burrow
07:47 War Mill
07:59 Orc Burrow
08:03 Voodoo Lounge
10:05 Tauren Totem
10:06 Tauren Totem
10:08 Orc Burrow
10:10 Orc Burrow
10:57 Spirit Lodge
11:00 Spirit Lodge
11:02 Orc Burrow
11:06 Watch Tower
11:08 Watch Tower
40:20 Tree of Ages
41:20 Ancient of Lore
41:22 Ancient of Lore
41:24 Ancient of Lore
41:25 Ancient of Lore
41:29 Moon Well
47:40 Ancient of Lore
47:42 Ancient of Lore
» items
| Scroll of Town Portal | 2 | |
| Healing Salve | 2 | |
| Potion of Healing | 1 | |
| Lesser Clarity Potion | 1 | |
| Boots of Speed | 1 | |
| Staff of Teleportation | 1 | |
| Periapt of Vitality | 1 | |
9 total
SevenEightNine (
pink | 54 APM | 3624 actions | 67:37)
11 Keeper of the Grove
3 Force of Nature
3 Thorns Aura
3 Entangling Roots
2 Tranquility
» actions
| Assign group hotkey | 109 | |
| Basic commands | 270 | |
| Build / train | 106 | |
| Enter build submenu | 45 | |
| Enter hero's abilities submenu | 13 | |
| Give item / drop item | 3 | |
| Remove unit from queue | 3 | |
| Right click | 1974 | |
| Select / deselect | 566 | |
| Select group hotkey | 200 | |
| Use ability | 335 | |
3624 total
» units
| Wisp | 47 | |
| Archer | 5 | |
| Goblin Zeppelin | 1 | |
| Goblin Sapper | 1 | |
| Dryad | 2 | |
| Druid of the Claw | 1 | |
57 total
» upgrades
| Strength of the Wild | 3 | |
| Reinforced Hides | 3 | |
| Abolish Magic | 1 | |
| Druid of the Claw Training | 2 | |
| Well Spring | 1 | |
10 total
» buildings
| Moon Well | 22 | |
| Altar of Elders | 2 | |
| Ancient of War | 1 | |
| Tree of Life | 14 | |
| Tree of Ages | 2 | |
| Hunter's Hall | 2 | |
| Ancient of Lore | 6 | |
| Tree of Eternity | 1 | |
50 total
» build order
00:37 Moon Well
00:52 Altar of Elders
01:09 Moon Well
01:52 Ancient of War
12:33 Tree of Life
12:59 Tree of Life
13:24 Tree of Life
14:26 Tree of Life
15:39 Tree of Life
20:45 Tree of Life
22:43 Tree of Life
36:19 Tree of Life
37:17 Tree of Life
38:07 Tree of Ages
56:48 Tree of Ages
57:35 Tree of Ages
60:25 Tree of Life
60:36 Altar of Elders
61:48 Hunter's Hall
62:33 Moon Well
62:33 Moon Well
62:33 Moon Well
62:34 Moon Well
62:34 Moon Well
62:36 Moon Well
62:36 Moon Well
62:37 Moon Well
62:37 Moon Well
63:05 Ancient of Lore
63:05 Ancient of Lore
63:06 Ancient of Lore
63:07 Ancient of Lore
63:07 Ancient of Lore
63:13 Ancient of Lore
63:41 Tree of Eternity
64:02 Hunter's Hall
64:41 Moon Well
64:41 Moon Well
64:42 Moon Well
64:43 Moon Well
64:44 Moon Well
64:46 Moon Well
64:46 Moon Well
64:46 Moon Well
64:47 Moon Well
64:48 Moon Well
67:01 Tree of Life
67:04 Tree of Life
67:07 Tree of Life
67:09 Tree of Life
» items
| Tome of Retraining | 2 | |
| Periapt of Vitality | 2 | |
| Potion of Lesser Invulnerability | 2 | |
| Potion of Invisibility | 2 | |
| Staff of Teleportation | 1 | |
| Potion of Healing | 1 | |
| Scroll of Town Portal | 2 | |
12 total
legolas-elfboy (
teal | 89 APM | 3500 actions | 39:29)
8 Keeper of the Grove
3 Force of Nature
3 Entangling Roots
1 Tranquility
1 Thorns Aura
» actions
| Assign group hotkey | 67 | |
| Basic commands | 2 | |
| Build / train | 99 | |
| Enter build submenu | 28 | |
| Enter hero's abilities submenu | 8 | |
| Give item / drop item | 5 | |
| Right click | 1510 | |
| Select / deselect | 352 | |
| Select group hotkey | 1320 | |
| Use ability | 109 | |
3500 total
» units
| Wisp | 33 | |
| Huntress | 12 | |
| Goblin Shredder | 1 | |
| Archer | 2 | |
| Hippogryph | 19 | |
67 total
» upgrades
| Ultravision | 1 | |
| Strength of the Wild | 3 | |
| Reinforced Hides | 3 | |
| Upgrade Moon Glaive | 1 | |
8 total
» buildings
| Moon Well | 9 | |
| Altar of Elders | 1 | |
| Ancient of War | 2 | |
| Hunter's Hall | 1 | |
| Ancient of Wonders | 1 | |
| Tree of Ages | 1 | |
| Tree of Life | 3 | |
| Ancient Protector | 18 | |
| Ancient of Wind | 5 | |
| Tree of Eternity | 1 | |
42 total
» build order
00:28 Moon Well
01:12 Altar of Elders
01:38 Ancient of War
01:41 Ancient of War
02:03 Hunter's Hall
02:18 Moon Well
02:35 Moon Well
03:09 Ancient of Wonders
04:16 Moon Well
06:08 Moon Well
07:27 Tree of Ages
08:22 Tree of Life
10:05 Ancient Protector
10:05 Ancient Protector
10:06 Ancient Protector
12:40 Ancient Protector
12:41 Ancient Protector
12:47 Tree of Life
12:48 Ancient Protector
12:49 Ancient Protector
12:49 Ancient Protector
13:02 Ancient Protector
13:07 Ancient Protector
13:10 Ancient Protector
13:14 Ancient Protector
13:39 Ancient Protector
14:22 Ancient of Wind
14:23 Ancient of Wind
17:38 Ancient of Wind
17:39 Ancient of Wind
17:40 Ancient of Wind
17:46 Moon Well
17:47 Moon Well
17:48 Moon Well
19:57 Tree of Life
20:44 Moon Well
29:46 Tree of Eternity
35:02 Ancient Protector
35:02 Ancient Protector
35:03 Ancient Protector
35:03 Ancient Protector
35:03 Ancient Protector
» items
| Scroll of Town Portal | 9 | |
| Scroll of Healing | 1 | |
| Potion of Lesser Invulnerability | 1 | |
| Staff of Teleportation | 1 | |
| Anti-magic Potion | 1 | |
13 total

»
DeFy8 (
yellow | 46 APM | 2856 actions | 62:08)
9 Warden
3 Shadow Strike
2 Blink
3 Fan of Knives
1 Spirit of Vengeance
1 Keeper of the Grove
1 Thorns Aura
» actions
| Assign group hotkey | 24 | |
| Basic commands | 514 | |
| Build / train | 65 | |
| ESC pressed | 5 | |
| Enter build submenu | 25 | |
| Enter hero's abilities submenu | 10 | |
| Right click | 1484 | |
| Select / deselect | 382 | |
| Select group hotkey | 186 | |
| Use ability | 161 | |
2856 total
» units
| Wisp | 18 | |
| Huntress | 12 | |
| Hippogryph | 6 | |
| Chimaera | 5 | |
41 total
» upgrades
| Strength of the Moon | 3 | |
| Moon Armor | 2 | |
| Strength of the Wild | 2 | |
| Sentinel | 1 | |
| Upgrade Moon Glaive | 1 | |
| Well Spring | 1 | |
10 total
» buildings
| Moon Well | 5 | |
| Ancient of War | 1 | |
| Hunter's Hall | 1 | |
| Altar of Elders | 1 | |
| Tree of Ages | 1 | |
| Tree of Eternity | 1 | |
| Ancient of Wind | 1 | |
| Ancient of Wonders | 1 | |
| Chimaera Roost | 2 | |
| Ancient Protector | 7 | |
| Tree of Life | 1 | |
22 total
» build order
00:28 Moon Well
00:33 Ancient of War
01:36 Hunter's Hall
01:49 Moon Well
02:09 Altar of Elders
02:39 Moon Well
03:40 Moon Well
07:12 Tree of Ages
07:55 Moon Well
09:43 Tree of Eternity
09:46 Ancient of Wind
09:50 Ancient of Wonders
12:15 Chimaera Roost
12:20 Chimaera Roost
14:03 Ancient Protector
14:06 Ancient Protector
14:11 Ancient Protector
14:14 Ancient Protector
16:15 Tree of Life
17:53 Ancient Protector
17:55 Ancient Protector
18:04 Ancient Protector
team 2 (loser)

»
JakeDog4 (
red | 34 APM | 1759 actions | 51:09)
4 Firelord
2 Soul Burn
2 Summon Lava Spawn
3 Archmage
2 Brilliance Aura
1 Summon Water Elemental
» actions
| Assign group hotkey | 4 | |
| Basic commands | 2 | |
| Build / train | 37 | |
| Enter build submenu | 17 | |
| Enter hero's abilities submenu | 8 | |
| Give item / drop item | 1 | |
| Right click | 1280 | |
| Select / deselect | 311 | |
| Select group hotkey | 29 | |
| Use ability | 66 | |
1759 total
» units
» upgrades
» buildings
| Altar of Kings | 1 | |
| Farm | 4 | |
| Arcane Vault | 2 | |
| Scout Tower | 2 | |
| Barracks | 1 | |
| Arcane Tower | 2 | |
| Blacksmith | 2 | |
| Keep | 1 | |
| Castle | 1 | |
| Workshop | 2 | |
18 total
» build order
00:12 Altar of Kings
00:22 Farm
00:46 Farm
01:09 Arcane Vault
01:46 Scout Tower
01:54 Barracks
02:25 Arcane Vault
02:42 Arcane Tower
02:48 Farm
03:25 Farm
04:07 Blacksmith
04:18 Keep
06:09 Scout Tower
06:46 Castle
07:58 Workshop
07:59 Workshop
08:16 Blacksmith
08:33 Arcane Tower
» items
| Scroll of Regeneration | 1 | |
| Lesser Clarity Potion | 2 | |
| Potion of Healing | 2 | |
| Potion of Mana | 1 | |
| Ivory Tower | 1 | |
7 total
tacticalcow (
purple | 155 APM | 7680 actions | 49:35)
8 Archmage
3 Summon Water Elemental
1 Blizzard
3 Brilliance Aura
1 Mass Teleport
6 Paladin
3 Holy Light
1 Divine Shield
1 Devotion Aura
1 Resurrection
2 Mountain King
1 Storm Bolt
1 Bash
» actions
| Assign group hotkey | 59 | |
| Basic commands | 86 | |
| Build / train | 143 | |
| ESC pressed | 11 | |
| Enter build submenu | 47 | |
| Enter hero's abilities submenu | 17 | |
| Give item / drop item | 7 | |
| Right click | 2981 | |
| Select / deselect | 639 | |
| Select group hotkey | 3213 | |
| Use ability | 477 | |
7680 total
» units
| Peasant | 23 | |
| Footman | 6 | |
| Dragonhawk Rider | 12 | |
| Gryphon Rider | 4 | |
| Rifleman | 3 | |
48 total
» upgrades
| Defend | 1 | |
| Swords | 3 | |
| Lumber Harvesting | 2 | |
| Armor | 3 | |
| Masonry | 1 | |
| Cloud | 1 | |
| Storm Hammers | 1 | |
| Animal War Training | 1 | |
| Gunpowder | 3 | |
| Long Rifles | 1 | |
17 total
» buildings
| Barracks | 3 | |
| Farm | 17 | |
| Altar of Kings | 1 | |
| Scout Tower | 11 | |
| Arcane Tower | 3 | |
| Arcane Vault | 2 | |
| Keep | 1 | |
| Blacksmith | 1 | |
| Town Hall | 4 | |
| Lumber Mill | 2 | |
| Guard Tower | 5 | |
| Castle | 1 | |
| Gryphon Aviary | 4 | |
55 total
» build order
00:20 Barracks
00:35 Farm
00:50 Altar of Kings
01:16 Farm
01:35 Farm
01:42 Scout Tower
02:09 Arcane Tower
02:39 Farm
03:17 Arcane Vault
05:05 Keep
05:07 Farm
05:50 Blacksmith
05:57 Town Hall
05:59 Scout Tower
06:00 Scout Tower
06:04 Scout Tower
06:24 Lumber Mill
06:57 Scout Tower
06:59 Scout Tower
07:18 Scout Tower
07:21 Scout Tower
07:24 Arcane Tower
07:26 Guard Tower
07:27 Guard Tower
07:31 Guard Tower
08:05 Guard Tower
09:41 Castle
09:44 Gryphon Aviary
09:45 Gryphon Aviary
10:14 Gryphon Aviary
10:15 Gryphon Aviary
10:46 Scout Tower
12:18 Farm
12:20 Farm
12:22 Guard Tower
13:07 Farm
13:11 Farm
13:32 Farm
13:48 Farm
13:51 Farm
13:56 Farm
14:16 Farm
15:23 Farm
16:22 Farm
16:29 Arcane Vault
17:58 Farm
23:25 Town Hall
23:33 Scout Tower
27:07 Town Hall
33:32 Barracks
34:30 Barracks
34:51 Lumber Mill
44:29 Town Hall
44:37 Scout Tower
45:50 Arcane Tower
» items
| Scroll of Regeneration | 16 | |
| Scroll of Town Portal | 8 | |
| Lesser Clarity Potion | 3 | |
| Potion of Healing | 2 | |
| Boots of Speed | 2 | |
| Potion of Invisibility | 1 | |
| Mechanical Critter | 2 | |
| Orb of Fire | 1 | |
| Staff of Teleportation | 1 | |
36 total
Surg3on (
blue | 50 APM | 3383 actions | 67:37)
6 Archmage
1 Blizzard
1 Summon Water Elemental
3 Brilliance Aura
1 Mass Teleport
5 Paladin
1 Holy Light
2 Divine Shield
2 Devotion Aura
» actions
| Assign group hotkey | 74 | |
| Build / train | 161 | |
| Enter build submenu | 35 | |
| Enter hero's abilities submenu | 11 | |
| Remove unit from queue | 3 | |
| Right click | 1360 | |
| Select / deselect | 571 | |
| Select group hotkey | 1017 | |
| Use ability | 151 | |
3383 total
» units
| Peasant | 29 | |
| Rifleman | 27 | |
| Mortar Team | 16 | |
| Siege Engine | 10 | |
| Knight | 9 | |
| Dragonhawk Rider | 1 | |
92 total
» upgrades
| Masonry | 3 | |
| Gunpowder | 3 | |
| Armor | 3 | |
| Long Rifles | 1 | |
| Fragmentation Shards | 1 | |
| Barrage | 1 | |
| Plating | 3 | |
| Animal War Training | 1 | |
| Swords | 3 | |
19 total
» buildings
| Altar of Kings | 1 | |
| Farm | 10 | |
| Barracks | 1 | |
| Blacksmith | 1 | |
| Lumber Mill | 1 | |
| Scout Tower | 39 | |
| Guard Tower | 25 | |
| Keep | 1 | |
| Workshop | 1 | |
| Cannon Tower | 3 | |
| Castle | 1 | |
| Town Hall | 5 | |
| Arcane Vault | 1 | |
90 total
» build order
00:20 Altar of Kings
00:28 Farm
00:29 Farm
01:34 Barracks
01:52 Blacksmith
02:08 Lumber Mill
02:25 Scout Tower
02:26 Scout Tower
02:28 Scout Tower
02:32 Scout Tower
02:36 Scout Tower
03:02 Farm
03:03 Farm
03:07 Guard Tower
03:32 Guard Tower
04:30 Scout Tower
04:36 Scout Tower
04:44 Scout Tower
04:54 Farm
04:57 Farm
05:06 Guard Tower
05:19 Guard Tower
05:52 Farm
07:42 Keep
10:28 Farm
10:29 Farm
11:16 Workshop
12:04 Farm
12:06 Scout Tower
12:09 Scout Tower
12:11 Scout Tower
13:46 Guard Tower
13:56 Cannon Tower
15:10 Castle
17:15 Guard Tower
19:55 Town Hall
24:34 Town Hall
32:13 Scout Tower
32:17 Scout Tower
32:20 Scout Tower
32:46 Guard Tower
35:52 Scout Tower
35:52 Scout Tower
35:57 Scout Tower
36:23 Arcane Vault
36:27 Scout Tower
36:29 Scout Tower
36:38 Guard Tower
36:41 Guard Tower
37:09 Cannon Tower
37:19 Guard Tower
38:48 Guard Tower
41:54 Scout Tower
41:55 Scout Tower
41:56 Scout Tower
41:56 Scout Tower
42:35 Scout Tower
42:36 Scout Tower
42:36 Scout Tower
42:43 Guard Tower
43:17 Guard Tower
44:39 Guard Tower
45:28 Guard Tower
46:15 Scout Tower
46:15 Scout Tower
46:16 Scout Tower
47:10 Scout Tower
47:12 Scout Tower
47:36 Town Hall
49:04 Guard Tower
49:06 Guard Tower
49:47 Town Hall
51:16 Town Hall
51:18 Guard Tower
51:19 Guard Tower
52:26 Scout Tower
52:27 Scout Tower
52:27 Scout Tower
52:59 Guard Tower
53:07 Scout Tower
53:07 Scout Tower
53:08 Scout Tower
53:08 Scout Tower
54:20 Guard Tower
54:22 Cannon Tower
54:50 Guard Tower
54:51 Guard Tower
57:41 Guard Tower
57:42 Guard Tower
» items
| Scroll of Town Portal | 4 | |
| Scroll of Healing | 1 | |
5 total
cody3787 (
orange | 14 APM | 702 actions | 49:55)
3 Blood Mage
1 Flame Strike
1 Banish
1 Siphon Mana
2 Paladin
1 Holy Light
1 Devotion Aura
» actions
| Assign group hotkey | 1 | |
| Basic commands | 6 | |
| Build / train | 129 | |
| Enter build submenu | 27 | |
| Enter hero's abilities submenu | 5 | |
| Right click | 238 | |
| Select / deselect | 256 | |
| Use ability | 40 | |
702 total
» units
| Peasant | 22 | |
| Footman | 60 | |
| Rifleman | 27 | |
109 total
» upgrades
| Swords | 2 | |
| Plating | 2 | |
| Gunpowder | 2 | |
| Armor | 1 | |
| Long Rifles | 1 | |
8 total
» buildings
| Altar of Kings | 2 | |
| Farm | 15 | |
| Barracks | 2 | |
| Blacksmith | 2 | |
| Scout Tower | 1 | |
| Keep | 2 | |
| Arcane Tower | 1 | |
| Town Hall | 1 | |
| Castle | 1 | |
27 total
» build order
00:16 Altar of Kings
00:39 Farm
01:34 Barracks
02:40 Farm
03:27 Blacksmith
04:22 Farm
04:42 Scout Tower
05:14 Keep
05:55 Farm
08:44 Arcane Tower
09:01 Farm
09:49 Farm
13:02 Farm
14:03 Farm
18:18 Town Hall
21:31 Altar of Kings
22:07 Barracks
26:10 Keep
34:36 Blacksmith
35:33 Castle
38:45 Farm
39:37 Farm
41:27 Farm
42:31 Farm
43:23 Farm
44:11 Farm
47:19 Farm
Chat log
(00:10 / Allies) u-rage-i-laugh: taur cast
(00:14 / Allies) legolas-elfboy: is that cody
(00:17 / Allies) legolas-elfboy: the cody?
(00:29 / Allies) u-rage-i-laugh: 3 ne
(00:31 / Allies) u-rage-i-laugh: wanna hunt rush?
(00:32 / Allies) SevenEightNine: don't think so
(00:35 / Allies) SevenEightNine: k
(00:42 / Allies) u-rage-i-laugh: hutn rush is is
(00:44 / Allies) u-rage-i-laugh: it is*
(00:58 / Allies) u-rage-i-laugh: okay yellow teal pink?
(01:00 / Allies) u-rage-i-laugh: hunt rusH?
(01:02 / Allies) DeFy8: ys
(02:31 / Allies) legolas-elfboy: should of coppied iggy-'s hunt build
(03:05 / Allies) u-rage-i-laugh: easy rush
(03:09 / Allies) u-rage-i-laugh: terrible rush defense heros
(04:46 / Allies) DeFy8: where we going?
(04:56 / Allies) u-rage-i-laugh: looks best here
(05:05 / Allies) u-rage-i-laugh: 'all come
(05:06 / Allies) u-rage-i-laugh: now
(05:12 / Allies) SevenEightNine: k
(05:12 / Allies) SevenEightNine: omw
(05:46 / Allies) u-rage-i-laugh: here
(05:47 / Allies) u-rage-i-laugh: leave red
(05:48 / All) JakeDog4: fs harass lol
(05:52 / All) JakeDog4: 2005
(05:53 / All) u-rage-i-laugh: just scouting
(05:56 / All) JakeDog4: called
(06:00 / All) JakeDog4: they want their strat back
(06:08 / Allies) DeFy8: ?
(06:09 / All) u-rage-i-laugh: scouted enough to see you're crappy build
(06:11 / Allies) DeFy8: what we doing?
(06:15 / Allies) u-rage-i-laugh: meet
(06:16 / Allies) u-rage-i-laugh: PINK
(06:17 / All) u-rage-i-laugh: WTF
(06:18 / Allies) u-rage-i-laugh: COME
(06:21 / Allies) SevenEightNine: omw bro
(06:30 / Allies) u-rage-i-laugh: RIGHT NOW BRO
(06:33 / Allies) u-rage-i-laugh: teal bring hunts
(06:59 / All) u-rage-i-laugh: get owned noob
(07:19 / All) u-rage-i-laugh: You suck
(07:25 / All) u-rage-i-laugh: LOL
(07:28 / All) u-rage-i-laugh: LOL
(07:28 / All) u-rage-i-laugh: LOL
(07:38 / All) JakeDog4: Lol!
(07:46 / All) JakeDog4: making room for food
(07:51 / All) u-rage-i-laugh: ROFL RIGHT
(07:56 / All) u-rage-i-laugh: with you're hero
(07:56 / All) u-rage-i-laugh: lol
(07:59 / All) tacticalcow: idiot thought it was smart builkding in the middle
(08:02 / All) JakeDog4: yeah newb
(08:04 / All) JakeDog4: new strat
(08:10 / All) u-rage-i-laugh: terrible one
(08:12 / Allies) u-rage-i-laugh: hit him
(08:15 / Allies) u-rage-i-laugh: he's trash
(08:23 / Allies) u-rage-i-laugh: tower then hall
(08:49 / All) tacticalcow: idiot blizzing my foots
(08:50 / All) JakeDog4: yellow targets hard
(08:55 / All) u-rage-i-laugh: you suck hard
(09:12 / All) u-rage-i-laugh: terrible red
(09:29 / All) u-rage-i-laugh: run little puss
(09:34 / All) tacticalcow: qq
(11:15 / Allies) DeFy8: we have aa?
(11:26 / Allies) u-rage-i-laugh: no..
(11:30 / Allies) u-rage-i-laugh: but you're all ne
(11:33 / Allies) u-rage-i-laugh: get dryads an d hips
(11:50 / Allies) u-rage-i-laugh: wood me
(12:00 / Allies) u-rage-i-laugh: pink wood me 600
(12:04 / Allies) SevenEightNine: I need it
(12:08 / Allies) u-rage-i-laugh: for..
(12:19 / Allies) SevenEightNine: for the game winning strategy
(12:32 / Allies) u-rage-i-laugh: that is..?
(12:41 / Allies) SevenEightNine: Top secret
(12:43 / Allies) u-rage-i-laugh: ...?
(13:09 / Allies) u-rage-i-laugh: teal
(13:11 / Allies) u-rage-i-laugh: wood me please
(13:12 / Allies) u-rage-i-laugh: 500
(13:25 / Allies) legolas-elfboy: cant need it for archers
(13:30 / Allies) u-rage-i-laugh: THE WOOD?
(13:36 / Allies) u-rage-i-laugh: gold gont
(13:38 / Allies) u-rage-i-laugh: not gold
(13:39 / Allies) u-rage-i-laugh: wood
(13:41 / Allies) u-rage-i-laugh: you ahve 1k
(13:44 / Allies) u-rage-i-laugh: then 100 gold
(16:35 / Allies) u-rage-i-laugh: wtf teal
(16:47 / Allies) u-rage-i-laugh: teal wtf
(16:47 / Allies) legolas-elfboy: jk
(16:48 / Allies) legolas-elfboy: man
(16:49 / Allies) legolas-elfboy: we got this
(16:51 / Allies) legolas-elfboy: they suck ass
(17:01 / Allies) u-rage-i-laugh: then whya re you coming to kill me
(17:03 / Allies) legolas-elfboy: we need blue dead
(17:12 / Allies) legolas-elfboy: it was a practical joke
(17:36 / Allies) u-rage-i-laugh: we just need good aa
(17:41 / Allies) DeFy8: i need hlp
(17:47 / Allies) u-rage-i-laugh: make aa
(17:50 / Allies) u-rage-i-laugh: hips hios hips
(18:21 / Allies) DeFy8: tp
(18:35 / Allies) DeFy8: guys
(18:41 / Allies) u-rage-i-laugh: i have literally all air
(18:44 / Allies) u-rage-i-laugh: ground*
(18:50 / Allies) SevenEightNine: are you guys new
(18:57 / Allies) u-rage-i-laugh: are ou new poink?
(19:00 / Allies) DeFy8: ive kicked ass
(19:01 / Allies) SevenEightNine: yeah
(19:09 / Allies) SevenEightNine: I got this game yesterday
(19:10 / Allies) u-rage-i-laugh: yellow
(19:11 / Allies) SevenEightNine: battle net chest
(19:55 / Allies) SevenEightNine: can I ahve some gold green yellow?
(20:00 / Allies) SevenEightNine: you have a lot
(20:02 / Allies) u-rage-i-laugh: WTF
(20:07 / Allies) u-rage-i-laugh: HE HAS 3k GOLD
(20:11 / Allies) SevenEightNine: yellow does?
(20:13 / Allies) SevenEightNine: wow share
(20:17 / Allies) u-rage-i-laugh: sigh
(20:23 / Allies) u-rage-i-laugh: sigh
(20:26 / Allies) u-rage-i-laugh: he's jsut being a prick
(20:39 / Allies) u-rage-i-laugh: teal lets end this?
(21:30 / Allies) u-rage-i-laugh: HELP
(21:31 / All) u-rage-i-laugh: NPOW
(21:35 / Allies) DeFy8: go teal
(21:55 / Allies) u-rage-i-laugh: FOLLOW WITH HIPS
(22:08 / Allies) u-rage-i-laugh: GO GET HIM WITH THE HIPS
(22:34 / Allies) u-rage-i-laugh: KILLTH AT NOOB TEAL
(23:04 / Allies) DeFy8: altogether?
(23:12 / Allies) u-rage-i-laugh: GO
(23:15 / Allies) u-rage-i-laugh: all together
(24:02 / Allies) u-rage-i-laugh: here first
(24:17 / Allies) DeFy8: go
(24:18 / Allies) DeFy8: teal
(24:19 / Allies) DeFy8: move
(24:29 / Allies) SevenEightNine: KILL PURPLE!
(24:30 / Allies) DeFy8: holy hell
(25:10 / Allies) u-rage-i-laugh: go yellow
(25:13 / Allies) u-rage-i-laugh: im right behind you go
(25:49 / Allies) SevenEightNine: NOOB TEAL
(25:55 / Allies) legolas-elfboy: f u
(25:56 / Allies) legolas-elfboy: mang
(26:01 / Allies) u-rage-i-laugh: cmon teal
(26:02 / Allies) u-rage-i-laugh: let's go
(26:05 / Allies) u-rage-i-laugh: we got it
(26:34 / Allies) u-rage-i-laugh: HIPS GO
(26:49 / Allies) u-rage-i-laugh: stay with us teal
(26:53 / Allies) u-rage-i-laugh: GO
(26:54 / Allies) u-rage-i-laugh: END THIS
(26:56 / Allies) SevenEightNine: KILL PURPLE BASE
(26:59 / Allies) SevenEightNine: HE GOT MASS TP!
(27:18 / Allies) u-rage-i-laugh: PURPLES BASE
(27:19 / Allies) u-rage-i-laugh: TEAL GO
(27:24 / Allies) u-rage-i-laugh: get more hips
(27:25 / Allies) DeFy8: extra hips here
(27:45 / All) SevenEightNine: my god is awesome god
(28:22 / All) u-rage-i-laugh: GG purple
(28:57 / Allies) u-rage-i-laugh: hurry up
(29:21 / Allies) u-rage-i-laugh: use
(30:13 / Allies) SevenEightNine: creeping he is level 6 lol
(30:19 / Allies) legolas-elfboy: lalw
(30:22 / Allies) DeFy8: what else?
(30:29 / Allies) DeFy8: need corpses
(32:40 / Allies) u-rage-i-laugh: dont worry about him
(32:42 / Allies) u-rage-i-laugh: hi's a moron
(32:45 / Allies) u-rage-i-laugh: im taking care of him
(33:59 / Allies) SevenEightNine: better get tp
(34:02 / Allies) u-rage-i-laugh: GLGO
(34:03 / Allies) u-rage-i-laugh: GOGO
(34:48 / All) u-rage-i-laugh: eat my fs
(35:35 / Allies) u-rage-i-laugh: bring
(35:37 / Allies) u-rage-i-laugh: and get more hips
(35:40 / Allies) u-rage-i-laugh: max out food limit
(36:04 / All) SevenEightNine: this game am so funny man!
(36:15 / All) JakeDog4: what language is that?
(36:21 / All) SevenEightNine: engrish
(37:03 / All) SevenEightNine: Cody is you best prayer
(37:37 / Allies) u-rage-i-laugh: pink
(37:39 / Allies) u-rage-i-laugh: get units
(37:41 / Allies) u-rage-i-laugh: tech that
(37:43 / Allies) u-rage-i-laugh: for future use
(37:55 / Allies) SevenEightNine: units aren't fun
(37:56 / Allies) u-rage-i-laugh: teal
(37:57 / Allies) u-rage-i-laugh: USE
(37:58 / Allies) u-rage-i-laugh: USE
(38:07 / Allies) u-rage-i-laugh: you got 12 here dude
(38:23 / Allies) u-rage-i-laugh: too late now
(38:34 / Allies) u-rage-i-laugh: we can own him pink
(39:04 / All) u-rage-i-laugh: not today
(39:38 / Allies) u-rage-i-laugh: i got teal
(39:42 / Allies) SevenEightNine: k
(39:55 / Allies) SevenEightNine: play
(40:00 / Allies) SevenEightNine: pally
(40:44 / Allies) u-rage-i-laugh: kill dat
(40:47 / Allies) u-rage-i-laugh: tech dat
(40:55 / Allies) u-rage-i-laugh: uproot and kill stag
(40:58 / Allies) u-rage-i-laugh: its a critter fro blue
(41:01 / Allies) u-rage-i-laugh: so he'll tp to it
(41:53 / Allies) u-rage-i-laugh: tp to me pink
(43:20 / All) SevenEightNine: I like this game!
(43:35 / Allies) SevenEightNine: get a tp
(44:18 / Allies) SevenEightNine: he's gonna try to expo that
(44:34 / Allies) DeFy8: wtf
(44:39 / Allies) DeFy8: why killing off our own hippos?
(44:43 / Allies) u-rage-i-laugh: food
(44:44 / Allies) SevenEightNine: 'he was 99 food
(44:54 / Allies) DeFy8: go fight with them then
(44:56 / All) SevenEightNine: why was six afraid of 7?
(45:06 / All) u-rage-i-laugh: cause seven ate nine
(45:19 / All) SevenEightNine: very good!
(45:57 / Allies) u-rage-i-laugh: blink out
(46:05 / Allies) SevenEightNine: blink through teh trees
(46:06 / Allies) u-rage-i-laugh: BLINK?
(46:17 / Allies) SevenEightNine: buy a tp
(46:20 / Allies) SevenEightNine: and sell the cloak
(46:30 / Allies) SevenEightNine: you're gonna get caught
(46:31 / Allies) u-rage-i-laugh: come to kotg warden
(46:34 / Allies) u-rage-i-laugh: yellow
(47:01 / All) u-rage-i-laugh: GG
(47:42 / Allies) DeFy8: attack?
(47:45 / Allies) u-rage-i-laugh: hold
(48:49 / All) u-rage-i-laugh: yet again
(48:49 / All) u-rage-i-laugh: GG
(48:58 / All) u-rage-i-laugh: nope
(48:58 / All) u-rage-i-laugh: GG
(48:59 / All) SevenEightNine: Not this time
(49:07 / Allies) u-rage-i-laugh: you roots him to?
(49:07 / Allies) u-rage-i-laugh: rofl
(49:10 / Allies) SevenEightNine: Yes
(49:13 / All) tacticalcow: not much i can do with 3 nubs
(49:21 / All) u-rage-i-laugh: you're right
(49:24 / Allies) u-rage-i-laugh: you DO suck..
(49:30 / All) tacticalcow: fucking retard
(49:59 / All) u-rage-i-laugh: GG now
(50:01 / All) u-rage-i-laugh: you can leave now
(50:04 / Allies) u-rage-i-laugh: pink
(50:05 / 8) SevenEightNine: stay
(50:06 / Allies) u-rage-i-laugh: gold
(50:08 / 8) SevenEightNine: I won't let him use teal
(50:42 / Allies) u-rage-i-laugh: lolw tf pinky
(51:40 / 8) SevenEightNine: You basically need to worry about hte warden and farseer
(52:10 / Allies) u-rage-i-laugh: really pink
(52:21 / Allies) u-rage-i-laugh: seriously pink
(52:28 / Allies) u-rage-i-laugh: noob
(54:55 / Allies) u-rage-i-laugh: why are you doing this pink>
(55:08 / All) SevenEightNine: me am have fun
(55:10 / Allies) DeFy8: damn you poink
(55:47 / Allies) DeFy8: do they have an army?
(56:12 / 8) SevenEightNine: kill his heroes and you win
(56:41 / 8) SevenEightNine: blue you there?
(56:44 / 8) SevenEightNine: kill his heroes and you win the game
(57:00 / Allies) DeFy8: pink killed all our stuff?
(57:04 / Allies) u-rage-i-laugh: yup
(57:46 / All) u-rage-i-laugh: dead
(57:53 / 8) SevenEightNine: his heroes
(57:59 / Allies) u-rage-i-laugh: you're such a slut
(60:05 / All) SevenEightNine: Heh
(60:07 / Allies) u-rage-i-laugh: wow pink
(60:45 / Allies) DeFy8: pink was on their team the whole time
(60:49 / Allies) DeFy8: you fucking queer
(63:00 / All) u-rage-i-laugh: nope
(63:01 / All) u-rage-i-laugh: L:D
(63:24 / Allies) u-rage-i-laugh: i knew you're d that
(63:25 / Allies) u-rage-i-laugh: wait
(63:27 / Allies) u-rage-i-laugh: and wait
(63:30 / Allies) u-rage-i-laugh: then tech and make units
(67:37 / All) SevenEightNine: damn